[Event "*** Titled Tuesday Blitz"]
[Site "Chess.com"]
[Date "2020.10.27"]
[Round "2"]
[White "Artem_0degov"]
[Black "lelya96"]
[Result "0-1"]
[WhiteElo "2384"]
[BlackElo "2179"]
[TimeControl "180+1"]
[EndTime "10:18:33 PDT"]
[Termination "lelya96 won on time"]

1. e4 e5 2. Nf3 Nc6 3. Nc3 Nf6 4. d4 Bb4 5. d5 Ne7 6. Bd3 d6 7. O-O O-O 8. Ne2 Ng6 9. a4 c5 10. Bg5 Ba5 11. Ng3 h6 12. Bc1 Re8 13. Bb5 Bd7 14.
Bxd7 Qxd7 15. Qe2 a6 16. Nf5 Nf4 17. Qd1 Nxe4 18. Ne3 Nf6 19. Nc4 Bc7 20. Ne3 Ng4 21.
a5 Nxe3 22. fxe3 Ng6 23. Ne1 e4 24. b3 Re5 25. Bb2 Rf5 26. Rxf5 Qxf5 27. c4 Qg5 28.
Qe2 Re8 29. Nc2 f5 30. Bc3 f4 31. Rf1 f3 32. Qf2 Rf8 33. Kh1 fxg2+ 34. Qxg2 Rxf1+ 35. Qxf1 Qg4 36. Ne1 Bd8 37. h3 Qg3 38. Nc2 Bh4 39. Be1 Qg5 40. Qe2 Bg3 41. Qf1 Qh4 42. Kg2 Bxe1 43. Nxe1 Qg5+ 44. Kh2 Qxe3 45. Ng2 Qf3 46.
Qc1 Ne5 47. Nf4 e3 48. Ne6 Qf2+ 49. Kh1 e2 0-1

[Event "*** Titled Tuesday Blitz"]
[Site "Chess.com"]
[Date "2020.10.27"]
[Round "2"]
[White "Volodar_Murzin"]
[Black "AnishOnYoutube"]
[Result "0-1"]
[WhiteElo "2614"]
[BlackElo "2971"]
[TimeControl "180+1"]
[EndTime "10:18:34 PDT"]
[Termination "AnishOnYoutube won on time"]

1. e4 c5 2. Nf3 d6 3. Bb5+ Nd7 4. O-O a6 5. Bd3 Ngf6 6. c3 b5 7. Bc2 Bb7 8. Qe2 e6 9. d4 Be7 10. Nbd2 cxd4 11. cxd4 Qc7 12. Bd3 O-O 13. Re1 Rfe8 14. a4 b4 15. Nb3 e5 16. d5 Nc5 17.
Nxc5 Qxc5 18. Be3 Qc7 19. Rec1 Qd8 20. a5 Nd7 21. Rc4 b3 22. Rb4 Bc8 23. Rxb3 Bf8 24. Nd2 g6 25. f3 Nc5 26. Bxc5 dxc5 27. Kh1 Ra7 28. Rb6 Qg5 29. Nc4 h5 30. Qe3 Qd8 31.
Rd1 h4 32. d6 h3 33. g3 Be6 34.
Qxc5 Qf6 35. Qe3 Bh6 36. Qe2 Rc8 37. Ne3 Rc5 38. b4 Rc3 39. Rb8+ Kg7 40. Rb6 Ra3 41. Ng4 Bxg4 42. fxg4 Ra2 43. Rf1 Rxe2 44. Rxf6 Re3 45. d7 Rxd3 46. Rbd6 Rxd7 0-1

[Event "*** Titled Tuesday Blitz"]
[Site "Chess.com"]
[Date "2020.10.27"]
[Round "2"]
[White "Casper_Schoppen"]
[Black "BlackBoarder"]
[Result "1-0"]
[WhiteElo "2956"]
[BlackElo "2605"]
[TimeControl "180+1"]
[EndTime "10:18:34 PDT"]
[Termination "Casper_Schoppen won by resignation"]

1. c4 e6 2. g3 Nf6 3. Bg2 d5 4. Nf3 d4 5. O-O c5 6. e3 Nc6 7.
exd4 cxd4 8. d3 Bd6 9. Na3 a6 10. Nc2 e5 11. Bg5 O-O 12. Nd2 h6 13. Bxf6 Qxf6 14. a3 a5 15. Re1 Bf5 16. Ne4 Qg6 17.
Qd2 a4 18. Nb4 Nxb4 19. axb4 Be7 20. Ra3 Qb6 21. c5 Qb5 22. Rea1 Be6 23. Bf3 Bb3 24.
Bd1 Bxd1 25. Qxd1 Qxb4 26. Rxa4 Rxa4 27. Qxa4 Qxb2 28. Re1 Rd8 29. Qc4 Qa3 30. Rb1 Qa7 31.
h4 Bf8 32. h5 Rd7 33. Kg2 Qa6 34. Qc2 f5 35. Rb6 Qa3 36. Qc4+ Kh7 37. Qe6 fxe4 38.
Qxd7 Qxc5 39. Qf5+ Kh8 40. Rxb7 exd3 41. Rb8 Kg8 42.
Qxd3 Qd5+ 43. Qf3 Qxf3+ 44. Kxf3 Kf7 45. Ke4 Bd6 46. Rb7+ Kf6 47. Rb6 Ke7 48. Kd5 d3 49. Rxd6 d2 50. Kxe5 d1=Q 51. Rxd1 1-0

[Event "*** Titled Tuesday Blitz"]
[Site "Chess.com"]
[Date "2020.10.27"]
[Round "2"]
[White "Zmof"]
[Black "Legendinunknown"]
[Result "0-1"]
[WhiteElo "2187"]
[BlackElo "2653"]
[TimeControl "180+1"]
[EndTime "10:18:34 PDT"]
[Termination "Legendinunknown won on time"]

1. e4 e5 2. Bc4 Nf6 3. d3 c6 4.
Nf3 d5 5. Bb3 Bd6 6. exd5 cxd5 7. Bg5 Be6 8. Nc3 Qa5 9. O-O Nbd7 10. Re1 h6 11. Bxf6 gxf6 12. d4 e4 13. Nh4 O-O-O 14. Qh5 Nb6 15. Nf5 Bb4 16. Ng7 Kb8 17. Nxe6 fxe6 18.
Qf7 Rhf8 19. Qxe6 Bxc3 20. bxc3 Qxc3 21. a4 Qxd4 22. a5 Nc8 23. a6 Qe5 24. Qxe5+ fxe5 25. axb7 Kxb7 26. Ra5 Nb6 27. Rea1 d4 28. Rxa7+ Kc6 29.
Rh7 Rd6 30. Re1 d3 31. cxd3 exd3 32. Rxe5 d2 33. Bd1 Ra8 34. Bf3+ Nd5 35. g4 Ra1+ 36.
Kg2 d1=Q 37. Bxd1 Rxd1 38. h4 Rd2 39. g5 h5 40. Kg3 Rd3+ 41. f3 Ne3 42. Rxh5 Nf1+ 43.
Kg4 Nh2+ 44. Kf4 Nxf3 45. Ra5 R6d4+ 46. Kf5 Nxh4+ 47. Kf6 Rf4+ 48. Kg7 Rd7+ 0-1

[Event "*** Titled Tuesday Blitz"]
[Site "Chess.com"]
[Date "2020.10.27"]
[Round "2"]
[White "Zq1"]
[Black "Semen_Khanin"]
[Result "0-1"]
[WhiteElo "2497"]
[BlackElo "2747"]
[TimeControl "180+1"]
[EndTime "10:18:35 PDT"]
[Termination "Semen_Khanin won by checkmate"]

1. d4 Nf6 2. c4 g6 3. Nc3 d5 4.
Nf3 Bg7 5. cxd5 Nxd5 6. Bd2 O-O 7. Rc1 Nb6 8. Bg5 Bg4 9. e3 h6 10. Bf4 c6 11. Be2 N8d7 12. O-O Bxf3 13. Bxf3 e5 14.
dxe5 Nxe5 15. Be2 Qe7 16. Qb3 Rad8 17. Rfd1 h5 18. h3 Rxd1+ 19. Rxd1 Rd8 20. Rxd8+ Qxd8 21. a4 Qd2 22. a5 Nd5 23. Nxd5 Qxe2 24. Ne7+ Kf8 25.
Qxb7 Qe1+ 26. Kh2 Qxf2 27. Nxg6+ Nxg6 28. Qb8+ Ke7 29. Qd6+ Ke8 30. Qxc6+ Kf8 31. Qa8+ Ke7 32. Qxa7+ Ke6 33. Qa6+ Kd5 34. Qb5+ Ke4 35. Qc4+ Kf5 36. Qd3+ Ke6 37. Qc4+ Ke7 38. Qc7+ Ke6 39. Qd6+ Kf5 40. Qd5+ Be5 41. Bxe5 Nxe5 42. a6 Qxe3 43. b4 h4 44. b5 Kf4 45. b6 Qxb6 46. Qd2+ Kf5 47. Qc2+ Ke6 48. Qa2+ Kf6 49. a7 Qd6 50. a8=Q Nf3+ 51. Kh1 Qh2# 0-1

[Event "*** Titled Tuesday Blitz"]
[Site "Chess.com"]
[Date "2020.10.27"]
[Round "2"]
[White "GMKrikor"]
[Black "Artyom_ChessMate"]
[Result "1-0"]
[WhiteElo "2784"]
[BlackElo "2517"]
[TimeControl "180+1"]
[EndTime "10:18:36 PDT"]
[Termination "GMKrikor won on time"]

1. e4 c5 2. Nf3 d6 3. d4 cxd4 4. Nxd4 Nf6 5. Nc3 g6 6. Be3 Bg7 7. f3 O-O 8. Qd2 Nc6 9. Bc4 Bd7 10. O-O-O Rc8 11. Bb3 Ne5 12. Kb1 Nc4 13. Bxc4 Rxc4 14. g4 b5 15. b3 Rc8 16. Ndxb5 Qa5 17. Nd5 Qxd2 18. Nxe7+ Kh8 19. Rxd2 Rce8 20. Nxg6+ fxg6 21. Nxd6 Ra8 22. Bd4 a5 23. a4 Rab8 24. Ka2 Be6 25. Re1 Rb4 26. c4 Rfb8 27. Re3 Kg8 28. h3 Bh6 29.
Rdd3 Bxe3 30. Rxe3 Nd7 31. f4 Bf7 32. e5 Nf8 33. f5 gxf5 34. gxf5 h5 35. e6 Be8 36. Rg3+ Kh7 37. Rg7+ Kh6 38. Rg3 Kh7 39. h4 Bxa4 40. e7 Bxb3+ 41. Rxb3 Rxb3 42. exf8=Q Rxf8 43. Kxb3 1-0

[Event "*** Titled Tuesday Blitz"]
[Site "Chess.com"]
[Date "2020.10.27"]
[Round "2"]
[White "Firouzja2003"]
[Black "Bodnar_Mykola"]
[Result "1-0"]
[WhiteElo "3062"]
[BlackElo "2373"]
[TimeControl "180+1"]
[EndTime "10:18:36 PDT"]
[Termination "Firouzja2003 won by resignation"]

1. d4 Nf6 2. c4 e6 3. e3 d5 4. cxd5 exd5 5. Bd3 c6 6. Ne2 Bd6 7. O-O O-O 8. f3 Re8 9. Nbc3 c5 10. dxc5 Bxc5 11.
Kh1 Bxe3 12. Bxe3 Rxe3 13. Qd2 Re8 14. Nf4 Be6 15. Rad1 Nc6 16. Bb5 Qb6 17. Bxc6 bxc6 18. Na4 Qb5 19. b3 c5 20. Ne2 Rad8 21. Rc1 Rc8 22. Ng3 c4 23. Nc3 Qa5 24. Qd4 cxb3 25. axb3 Qb6 26. Nce2 Nd7 27. b4 Rc4 28. Rxc4 dxc4 29.
Qc3 Rb8 30. Rb1 a5 31. b5 a4 32. Nd4 Ra8 33. Nh5 f6 34. Nxe6 Qxe6 35. Nf4 Qf7 36.
b6 Rb8 37. Qd4 a3 38. Nd5 Qe6 39. Qxc4 Nxb6 40. Qc7 Ra8 41. Nxb6 a2 42. Ra1 Ra6 43. Nc4 Rc6 44. Qd8+ Kf7 45. Nd2 Qe5 46. Qd7+ Kg6 47. Qd3+ Kh6 48. Rxa2 Qe1+ 49. Nf1 Rc1 50. Kg1 g5 51. Qe2 Qxe2 52. Rxe2 Rc5 53. g4 Rf5 54. gxf5 1-0

[Event "*** Titled Tuesday Blitz"]
[Site "Chess.com"]
[Date "2020.10.27"]
[Round "2"]
[White "Neftegor"]
[Black "HanSchut"]
[Result "1-0"]
[WhiteElo "2466"]
[BlackElo "2239"]
[TimeControl "180+1"]
[EndTime "10:18:36 PDT"]
[Termination "Neftegor won by resignation"]

1. Nf3 c5 2. c4 Nf6 3. d4 cxd4 4. Nxd4 g6 5. Nc3 Bg7 6. g3 d5 7. cxd5 Nxd5 8. Bg2 Nc7 9. Be3 O-O 10. O-O Nc6 11.
Nxc6 bxc6 12. Bxc6 Bh3 13. Re1 Rb8 14. Bxa7 Rxb2 15.
Qc1 Qd2 16. Qxd2 Rxd2 17. Rac1 Bxc3 18. Rxc3 Rxa2 19. Bc5 Ne6 20. Bxe7 Rc8 21. Bf6 h5 22. f3 Rd2 23. Kf2 Rd6 24. Be4 Rxc3 25. Bxc3 Nc5 26. Bb1 Rc6 27. Bd4 Ne6 28. Be3 Kh7 29. Rd1 h4 30. g4 f5 31. Rd7+ Kg8 32. Ba2 fxg4 33. Re7 gxf3 34. Kxf3 Bf5 35. Bh6 Rc3+ 36. Kf2 Rc6 37. Rg7+ Kh8 38. Re7 Kg8 39. Re8+ Kf7 40. Rf8+ Ke7 41. Ra8 Kd7 42. Be3 Kd6 43. Ra3 Ke5 44.
Ra4 Kf6 45. Ra5 Rc2 46. Ra4 Ng5 47. Bd5 Ne4+ 48. Bxe4 Bxe4 49. Rxe4 g5 50. Rg4 Rc5 51. Bxc5 1-0

[Event "*** Titled Tuesday Blitz"]
[Site "Chess.com"]
[Date "2020.10.27"]
[Round "2"]
[White "Rakesh"]
[Black "marabu44"]
[Result "1-0"]
[WhiteElo "2458"]
[BlackElo "2231"]
[TimeControl "180+1"]
[EndTime "10:18:36 PDT"]
[Termination "Rakesh won on time"]

1. e4 e5 2. Nf3 Nc6 3. d4 exd4 4. Nxd4 Bc5 5. Nb3 Bb6 6. Nc3 Nf6 7. Qe2 O-O 8. Be3 Re8 9. f3 d6 10. O-O-O Be6 11.
Nd4 Nxd4 12. Bxd4 Nd7 13. g4 Qg5+ 14. Kb1 Qa5 15. h4 Ne5 16. h5 Nc4 17. b3 Qa3 18.
Nb5 Qb4 19. Bc3 Qxb5 20. a4 Qc6 21. bxc4 Qxa4 22. h6 g6 23. Qd3 Qa3 24. Bb2 Qxd3 25. cxd3 c6 26. Be2 Bc7 27. f4 Bd7 28. f5 d5 29. fxg6 fxg6 30. cxd5 cxd5 31. Rdf1 Be5 32.
d4 Bh8 33. e5 Rac8 34. Bd3 a6 35. g5 Be6 36. Rf2 Rf8 37. Rhf1 Rxf2 38. Rxf2 Rf8 39.
Rc2 Rc8 40. Ba3 Rxc2 41. Kxc2 Kf7 42. Kc3 Ke8 43. Kb4 Kd7 44. Ka5 Kc7 45. Bd6+ Kc6 46.
Bc2 b6+ 47. Kxa6 Bc8+ 48. Ka7 b5 49. Kb8 Be6 50. Bd3 Kb6 51. Bb4 Kc6 52. Ka7 Bd7 53. Ka6 Kc7 54. Bxb5 Bc8+ 55. Ka7 Kd8 56. Bc5 Be6 57.
Bc6 Kc7 58. Be8 Kd8 59. Bb5 1-0

[Event "*** Titled Tuesday Blitz"]
[Site "Chess.com"]
[Date "2020.10.27"]
[Round "2"]
[White "Arseniy_Nesterov"]
[Black "AleksanderHnydiuk"]
[Result "1/2-1/2"]
[WhiteElo "2800"]
[BlackElo "2537"]
[TimeControl "180+1"]
[EndTime "10:18:37 PDT"]
[Termination "Game drawn - insufficient material"]

1. d4 d5 2. c4 c6 3. Nf3 Nf6 4. Nc3 dxc4 5. a4 e6 6. e3 c5 7. Bxc4 Nc6 8. O-O cxd4 9. exd4 Be7 10. Bf4 O-O 11. Re1 Nb4 12. Ne5 Bd7 13. Qb3 Rc8 14. Nxd7 Qxd7 15. Rxe6 Rxc4 16. Rxe7 Rxc3 17. bxc3 Qxe7 18.
Qxb4 Qxb4 19. cxb4 Nd5 20. Bd2 Rc8 21. b5 Rc4 22.
Be3 Kf8 23. Kf1 Ke7 24. Ke2 Rc2+ 25. Kd3 Nxe3 26. Kxe3 Kd6 27. h4 Kd5 28. a5 Rc3+ 29. Kd2 Kxd4 30. Re1 Rb3 31. Re7 Rxb5 32. Rxf7 Rxa5 33. Rxb7 Ra2+ 34. Ke1 a5 35. Rxg7 a4 36.
Rxh7 a3 37. Rd7+ Kc3 38. Rc7+ Kb3 39. Rb7+ Kc3 40. Ra7 Kb3 41. h5 Ra1+ 42. Ke2 Rh1 43. g4 a2 44. Kf3 a1=Q 45. Rxa1 Rxa1 46. Kf4 Kc4 47. Ke5 Rg1 48. f3 Re1+ 49. Kf6 Kd5 50. h6 Rf1 51. h7 Rxf3+ 52. Kg7 Rh3 53. h8=Q Rxh8 54. Kxh8 Ke5 55. g5 Kf5 56. g6 Kxg6 1/2-1/2

[Event "*** Titled Tuesday Blitz"]
[Site "Chess.com"]
[Date "2020.10.27"]
[Round "2"]
[White "CM_rui"]
[Black "DenLaz"]
[Result "1-0"]
[WhiteElo "2376"]
[BlackElo "2760"]
[TimeControl "180+1"]
[EndTime "10:18:37 PDT"]
[Termination "CM_rui won by checkmate"]

1. e4 e5 2. Nf3 Nc6 3. Bb5 a6 4. Ba4 d6 5. O-O Bd7 6. c3 g6 7. d4 Bg7 8. h3 Nf6 9. Re1 O-O 10.
Nbd2 Qe8 11. Bc2 h6 12. Nf1 Nh5 13. Ne3 Kh7 14. Kh2 Rc8 15. Nd5 Qd8 16. Be3 Ne7 17. dxe5 Nxd5 18. exd5 dxe5 19. Ng5+ Kg8 20. Ne4 b6 21. d6 f5 22. dxc7 Qxc7 23. Qd5+ Kh7 24. Nd6 Bc6 25. Qd3 Rcd8 26. Rad1 Rf6 27. Nb5 Rxd3 28.
Nxc7 Rxd1 29. Rxd1 b5 30. Nxa6 Bxg2 31. Kxg2 Rxa6 32.
Bb3 Nf6 33. Rd8 g5 34. c4 bxc4 35. Bxc4 Rc6 36. b3 Kg6 37. a4 f4 38. Bd2 e4 39. a5 e3 40. fxe3 Nh5 41. exf4 gxf4 42.
a6 Rc7 43. Ba5 Re7 44. Bb6 f3+ 45. Kxf3 Nf6 46. a7 Ne4 47. a8=Q Ng5+ 48. Kg2 Kh5 49. Bf2 Be5 50. Rd5 Bf4 51. Rf5 Be3 52. Bxe3 Rxe3 53.
Qg8 Kh4 54. Rxg5 hxg5 55. Qh7# 1-0

[Event "*** Titled Tuesday Blitz"]
[Site "Chess.com"]
[Date "2020.10.27"]
[Round "2"]
[White "AndrewMaco"]
[Black "indfraeng"]
[Result "1-0"]
[WhiteElo "2652"]
[BlackElo "2350"]
[TimeControl "180+1"]
[EndTime "10:18:38 PDT"]
[Termination "AndrewMaco won by checkmate"]

1. e4 e5 2. Nf3 Nc6 3. Bb5 a6 4. Ba4 Nf6 5. O-O Be7 6. Re1 b5 7. Bb3 d6 8. c3 O-O 9. h3 Nb8 10. d4 Nbd7 11. c4 Bb7 12. Nc3 exd4 13. Nxd4 Nc5 14.
cxb5 Nfxe4 15. Nxe4 Nxe4 16. Nc6 Bxc6 17. bxc6 Nc5 18. Bd5 Bf6 19. Rb1 Rb8 20. b4 a5 21. a3 axb4 22. axb4 Re8 23. Be3 Ne4 24. Qb3 Re7 25. Rbc1 Ng5 26. b5 Ne6 27. Qc4 Be5 28. Rb1 Qe8 29. b6 cxb6 30. Rxb6 Rxb6 31. Bxb6 Nf4 32.
g3 Nxh3+ 33. Kg2 Ng5 34. c7 Qc8 35. Qh4 Bf6 36. Rxe7 Bxe7 37. f4 Qf5 38. c8=Q+ Qxc8 39. fxg5 Qc2+ 40. Bf2 Qf5 41. Be4 Bxg5 42. Bxf5 Bxh4 43.
gxh4 g6 44. Be4 Kg7 45. Bd4+ f6 46. Kg3 Kf7 47. Bd5+ Kg7 48. Kg4 h5+ 49. Kf4 Kh6 50. Bxf6 Kh7 51. Bg5 Kg7 52. Ke4 Kf8 53. Be6 Kg7 54.
Kd5 Kh7 55. Kxd6 Kh8 56. Ke7 Kg7 57. Ke8 Kh8 58. Kf8 Kh7 59. Bg8+ Kh8 60. Bf6# 1-0

[Event "*** Titled Tuesday Blitz"]
[Site "Chess.com"]
[Date "2020.10.27"]
[Round "2"]
[White "pirulillo"]
[Black "bsnsun"]
[Result "1/2-1/2"]
[WhiteElo "2214"]
[BlackElo "2435"]
[TimeControl "180+1"]
[EndTime "10:18:39 PDT"]
[Termination "Game drawn by agreement"]

1. e4 c5 2. Nf3 d6 3. d4 cxd4 4. Nxd4 Nf6 5. Nc3 a6 6. Rg1 e5 7. Nb3 h5 8. f4 Nc6 9. Qe2 Be7 10.
h3 exf4 11. Bxf4 Ne5 12. O-O-O Qc7 13. Kb1 Be6 14. Nd5 Bxd5 15. exd5 Rc8 16. c3 Qb6 17. Be3 Qc7 18. g4 hxg4 19. hxg4 Qc4 20. Qxc4 Nxc4 21.
Bd4 Rh2 22. Rg2 Rxg2 23. Bxg2 Nxg4 24. Bxg7 Nge3 25. Rg1 Nxg2 26. Rxg2 Kd7 27. Bd4 Re8 28. Nd2 Nxd2+ 29. Rxd2 Rg8 30. Kc2 f5 31. Rf2 Rf8 32. c4 f4 33. Rf3 Rf5 34. Kd3 Bh4 35. Ke4 Rf7 36. Rxf4 Rxf4+ 37. Kxf4 b5 38. b3 bxc4 39. bxc4 Be1 40. Kf5 Bb4 41. Kf6 Ba3 42. Kf7 Bb4 43. Kf6 Ba3 44. Kf5 Bb4 45. Ke4 Be1 46. Kd3 Bh4 47. c5 dxc5 48. Bxc5 Bf6 49. Kc4 Bh4 50.
Bd4 Be1 51. Be5 Bd2 52. Kc5 Be3+ 53. Bd4 Bd2 54. a4 Be1 55. Kc4 Kd6 56. Bc3 Bxc3 57. Kxc3 Kxd5 58. Kb3 Kc5 1/2-1/2

[Event "*** Titled Tuesday Blitz"]
[Site "Chess.com"]
[Date "2020.10.27"]
[Round "2"]
[White "suyu28"]
[Black "Generalas"]
[Result "0-1"]
[WhiteElo "2609"]
[BlackElo "2357"]
[TimeControl "180+1"]
[EndTime "10:18:42 PDT"]
[Termination "Generalas won by checkmate"]

1. e4 e5 2. Nf3 Nc6 3. d4 exd4 4. Nxd4 Qf6 5. Be3 Bc5 6. c3 Nge7 7. Bc4 O-O 8. O-O Bb6 9. f4 d5 10. e5 Qh4 11. Be2 Nxd4 12. cxd4 Nf5 13. Bf2 Qxf4 14.
g3 Qg5 15. Qd3 Be6 16. Nc3 Qg6 17. Na4 Nxd4 18. Nxb6 Nxe2+ 19. Qxe2 axb6 20. b4 Ra3 21. Rac1 c6 22. Bxb6 Rfa8 23. Rf2 h5 24. Qc2 Qg5 25. Rg2 Rxa2 26. Qb1 Rxg2+ 27. Kxg2 h4 28. Bf2 h3+ 29. Kg1 Qxe5 30. Re1 Qf6 31. Qd3 Ra2 32. Bd4 Rg2+ 33. Kh1 Qf5 34. Qd1 Qc2 35. Qxc2 Rxc2 36. b5 cxb5 37. Kg1 Bf5 38. Re8+ Kh7 39. Re5 Rg2+ 40. Kf1 Bd3+ 41. Ke1 Rxh2 42. g4 f6 43. Rh5+ Kg6 44. Kd1 b4 45. Rh8 b3 46. Kc1 Be4 47. g5 Kxg5 48.
Kd1 Kg6 49. Kc1 Rc2+ 50. Kd1 b2 51. Bxb2 Rxb2 52. Rxh3 Rg2 53. Ke1 f5 54. Kf1 f4 55.
Rb3 d4 56. Rb6+ Kg5 57. Re6 Bf3 58. Re5+ Kg4 59. Re7 g5 60. Re5 Rb2 61. Re6 d3 62. Rd6 b5 63. Rd4 b4 64. Ke1 Be2 65. Kf2 b3 66.
Kg1 Rc2 67. Kf2 b2 68. Rb4 Bf3+ 69. Kf1 d2 70. Rxb2 d1=Q# 0-1

[Event "*** Titled Tuesday Blitz"]
[Site "Chess.com"]
[Date "2020.10.27"]
[Round "2"]
[White "ailime26"]
[Black "PowerThinking2650"]
[Result "0-1"]
[WhiteElo "1893"]
[BlackElo "2391"]
[TimeControl "180+1"]
[EndTime "10:18:43 PDT"]
[Termination "PowerThinking2650 won on time"]

1. e4 e5 2. Nf3 Nc6 3. Nc3 Nf6 4. d4 exd4 5. Nxd4 Bb4 6. Nxc6 bxc6 7. Bd3 O-O 8. O-O d5 9. exd5 cxd5 10. Qf3 c6 11.
Bg5 h6 12. Bxf6 Qxf6 13. Qxf6 gxf6 14. Ne2 Bc5 15. b3 Rb8 16. Ng3 Re8 17. Bf5 Ba6 18. Rfe1 Re5 19. Rxe5 fxe5 20. Re1 e4 21. Nh5 Bd4 22.
g3 Re8 23. Bd7 Re5 24. Nf6+ Kg7 25. Ng4 Rg5 26. Ne3 Bxe3 27. Rxe3 Bb7 28. a4 Re5 29. Kf1 d4 30. Re1 c5 31. Bb5 f5 32. Ke2 Kf6 33. h3 Re7 34. Kd2 Ke5 35. Bc4 Rg7 36. Re2 f4 37.
gxf4+ Kxf4 38. c3 d3 39. Bxd3 exd3 40. Kxd3 Bf3 41. Re3 Rg1 42. Kc4 Rf1 43. Kxc5 Rxf2 44. Re8 h5 45. Kb4 Kg3 46. Re3 Kxh3 47. c4 Kg3 48. c5 Rc2 49. Kb5 h4 50. b4 h3 51.
c6 Rxc6 52. Rxf3+ Kxf3 53. Kxc6 h2 54. Kb7 h1=Q 55. Kxa7 Qh4 56. b5 Qxa4+ 57. Kb6 Ke4 0-1

[Event "*** Titled Tuesday Blitz"]
[Site "Chess.com"]
[Date "2020.10.27"]
[Round "2"]
[White "RamyresCoelho"]
[Black "venus02"]
[Result "0-1"]
[WhiteElo "2086"]
[BlackElo "2501"]
[TimeControl "180+1"]
[EndTime "10:18:44 PDT"]
[Termination "venus02 won by checkmate"]

1. e4 c5 2. Nf3 d6 3. d4 cxd4 4.
Nxd4 Nf6 5. Nc3 a6 6. f3 e5 7. Nb3 Be6 8. Be3 h5 9. Qd2 Nbd7 10. O-O-O Rc8 11. Kb1 Qc7 12. Bd3 Nb6 13. Rhe1 Nc4 14. Bxc4 Qxc4 15. Na5 Qc7 16. Nb3 Be7 17. Nd5 Nxd5 18.
exd5 Bf5 19. Rc1 O-O 20. Re2 b6 21. h3 h4 22. Bg5 a5 23. Bxe7 Qxe7 24. Qe1 a4 25.
Nd2 a3 26. b3 b5 27. Ne4 Rfd8 28. Qb4 Qa7 29. Nxd6 Rxd6 30. Qxd6 Qd4 31. Qxa3 Qxd5 32. Qb2 f6 33. Ka1 b4 34. Ree1 Qd2 35. c4 Qd6 36.
Rcd1 Qb6 37. Qd2 Ra8 38. Qd5+ Kh7 39. Qxa8 Qf2 40. Qd5 Qa7 41. Qd2 Qa5 42. Qf2 g5 43. f4 exf4 44. Rd2 Qc7 45. Rde2 Qd6 46. Re7+ Kg6 47. Qa7 Qd3 48. Rg7+ Kh6 49. Qf2 Qc3+ 50. Qb2 Qxe1+ 51. Qc1 Qxc1# 0-1

[Event "*** Titled Tuesday Blitz"]
[Site "Chess.com"]
[Date "2020.10.27"]
[Round "2"]
[White "Kazmin_Dmitrij"]
[Black "Gulkov_Igor"]
[Result "1-0"]
[WhiteElo "2275"]
[BlackElo "2459"]
[TimeControl "180+1"]
[EndTime "10:18:44 PDT"]
[Termination "Kazmin_Dmitrij won on time"]

1. e4 c5 2. f4 g6 3. Nf3 Bg7 4. d4 cxd4 5. Nxd4 Nc6 6. c3 Nxd4 7. cxd4 Qb6 8. e5 d6 9. Nc3 Nh6 10. Bb5+ Kf8 11. O-O Nf5 12. Re1 dxe5 13. fxe5 Qxd4+ 14. Kh1 Qxd1 15. Rxd1 Be6 16. Bf4 g5 17. Bxg5 Bxe5 18. Bd3 Rg8 19. Bxf5 Bxf5 20. Bh6+ Bg7 21. Bf4 Bxc3 22.
bxc3 Be4 23. Rd2 f6 24. Re1 Bc6 25. Bh6+ Kf7 26. Rde2 e5 27. Be3 Rg4 28. h3 Rg3 29. Kh2 Rag8 30. Rg1 h5 31. Bxa7 Rxc3 32. Be3 h4 33.
Bf2 Rc4 34. Be1 Ke6 35. Rf1 Re4 36. Ref2 Rg6 37. Bc3 Re3 38. Bd2 Reg3 39. Rg1 f5 40. Be1 f4 41. Re2 Rd3 42. Rb2 Kf5 43. Bxh4 e4 44. Bf2 e3 45. Be1 Rd1 46. Bh4 Rxg1 47. Kxg1 f3 48. g4+ Ke4 49. Rb4+ 1-0

[Event "*** Titled Tuesday Blitz"]
[Site "Chess.com"]
[Date "2020.10.27"]
[Round "2"]
[White "SARGISMV"]
[Black "bascheyaro"]
[Result "1-0"]
[WhiteElo "2511"]
[BlackElo "2725"]
[TimeControl "180+1"]
[EndTime "10:18:46 PDT"]
[Termination "SARGISMV won on time"]

1. d4 d5 2. c4 c6 3. Nf3 Bf5 4. e3 e6 5. Qb3 Qb6 6. c5 Qc7 7. Nh4 Be4 8. Nc3 Be7 9. Nxe4 dxe4 10. g3 Bxh4 11. gxh4 Qd7 12. Bg2 f5 13. f3 exf3 14. Bxf3 Nf6 15. Bd2 O-O 16. O-O-O b6 17. Rhg1 Na6 18.
Qa4 Nb8 19. cxb6 Qb7 20. Qb3 Nd5 21. bxa7 Qxa7 22. a3 Nd7 23. Bxd5 cxd5 24. Bb4 Rfb8 25. Rg2 Nf6 26. Rdg1 Rb7 27. Kb1 Rc8 28. Rc2 Rbc7 29.
Rgc1 Ne4 30. Rxc7 Rxc7 31. Rxc7 Qxc7 32. Qc2 Qb7 33. h5 Kf7 34. Ka2 Kf6 35. Qa4 Qc8 36.
Qa7 Kg5 37. Qxg7+ Kxh5 38. Qxh7+ Kg4 39. Qg6+ Kf3 40. Qg1 Qc4+ 41. Ka1 Ke2 42. h4 Nf2 43. Qe1+ Kf3 44. h5 Nd3 45. Qd2 Nc1 46. Qd1+ Ke4 47. h6 Nb3+ 48. Kb1 Kxe3 49. h7 Nxd4 50. Qe1+ Kd3 51.
h8=Q Qc2+ 52. Ka2 1-0

[Event "*** Titled Tuesday Blitz"]
[Site "Chess.com"]
[Date "2020.10.27"]
[Round "2"]
[White "obliviate12"]
[Black "Titus369"]
[Result "0-1"]
[WhiteElo "2723"]
[BlackElo "2512"]
[TimeControl "180+1"]
[EndTime "10:18:46 PDT"]
[Termination "Titus369 won on time"]

1. e4 c5 2. Nf3 d6 3. d4 cxd4 4. Qxd4 a6 5. Be2 Nc6 6. Qe3 Nf6 7. h3 e5 8. O-O Be6 9. c4 Be7 10. Rd1 O-O 11. Nc3 Rc8 12. b3 Qc7 13. Bb2 h6 14.
Rac1 Qb8 15. Nd5 Bxd5 16. exd5 Na7 17. c5 dxc5 18. Nxe5 Bd6 19. Nc4 Bf4 20. Qf3 b5 21. Bxf6 Bxc1 22. Rxc1 bxc4 23. Rxc4 Qd6 24. Rg4 g6 25.
Bd3 Kh7 26. Rh4 Rce8 27. g3 Re5 28. Qf4 Re1+ 29. Kg2 Qxf4 30. gxf4 Nb5 31. Bg5 h5 32. Rxh5+ Kg7 33. Bh6+ Kg8 34. Rg5 Rfe8 35. Rg3 Nd4 36.
f5 Kh7 37. Bd2 Nxf5 38. Bxf5 gxf5 39. Bxe1 Rxe1 40. Rc3 Rd1 41. Rxc5 Kg7 42. Ra5 Rd2 43. Kf3 f6 44. Ke3 Rd1 45. Ke2 Rd4 46. Ke3 Rd1 47.
Rxa6 Rxd5 0-1

[Event "*** Titled Tuesday Blitz"]
[Site "Chess.com"]
[Date "2020.10.27"]
[Round "2"]
[White "TregubovP"]
[Black "RD4ever"]
[Result "1/2-1/2"]
[WhiteElo "2535"]
[BlackElo "2791"]
[TimeControl "180+1"]
[EndTime "10:18:47 PDT"]
[Termination "Game drawn by stalemate"]

1. e4 e6 2. d4 d5 3. exd5 exd5 4. Nf3 Nc6 5. h3 Nf6 6. Bd3 Bd6 7. O-O O-O 8. c3 Ne7 9. Qc2 Ng6 10. Bg5 c6 11. Nbd2 h6 12. Be3 Nf4 13. Bf5 Qc7 14. Rfe1 Re8 15. Bxf4 Bxf4 16. Rxe8+ Nxe8 17. Re1 Nd6 18. Bxc8 Rxc8 19. Ne5 Re8 20. Nf1 Bxe5 21. dxe5 Nc4 22.
f4 Qb6+ 23. Kh2 Qxb2 24. Qxb2 Nxb2 25. Rb1 Nd3 26. Rxb7 Nxf4 27. Rxa7 Rxe5 28. Ng3 h5 29. h4 g6 30. Rc7 Re1 31. Rxc6 Ra1 32. Ra6 Rc1 33. Ra4 Ne6 34. Ne2 Rc2 35. Nf4 Nxf4 36.
Rxf4 Rxc3 37. Rd4 Rc5 38. a4 Kg7 39. Kg3 Kf6 40. Kf4 Ke6 41. Rb4 Kd6 42. Rb6+ Rc6 43. Rxc6+ Kxc6 44. a5 f6 45. Ke3 g5 46. Kd4 gxh4 47.
a6 f5 48. a7 Kb7 49. Kxd5 Kxa7 50. Ke5 h3 51. gxh3 Kb6 52. Kxf5 Kc7 53. Kg5 Kd7 54. Kxh5 Ke7 55. Kg6 Kf8 56. Kh7 Kf7 57. h4 Kf8 58. h5 Kf7 59. h6 Kf8 60. Kg6 Kg8 61. h7+ Kh8 62. Kh6 1/2-1/2

[Event "*** Titled Tuesday Blitz"]
[Site "Chess.com"]
[Date "2020.10.27"]
[Round "2"]
[White "malakismayil"]
[Black "djano"]
[Result "1-0"]
[WhiteElo "2281"]
[BlackElo "2464"]
[TimeControl "180+1"]
[EndTime "10:18:48 PDT"]
[Termination "malakismayil won by resignation"]

1. e4 g6 2. d4 Bg7 3. Nc3 a6 4. g3 b6 5. Bg2 Bb7 6. Nge2 d6 7.
O-O Nd7 8. Be3 Ngf6 9. h3 e5 10. d5 O-O 11. Kh2 Rc8 12. Qd2 Kh8 13. Bg5 Qe8 14.
f4 exf4 15. Qxf4 Nh5 16. Qd2 Ne5 17. b3 f6 18. Be3 f5 19. exf5 gxf5 20. Nd4 Qg6 21.
Nce2 Rce8 22. Ne6 Rg8 23. N6f4 Nxf4 24. Nxf4 Qf7 25. Ne6 Qh5 26. Kg1 Bf6 27. Qf2 Nd7 28. Rae1 Be5 29. Bf4 Re7 30. Bxe5+ Nxe5 31. Qf4 Ng6 32.
Qxf5 Qxf5 33. Rxf5 Ne5 34. g4 c5 35. Ref1 Bc8 36. Rf8 Bxe6 37. dxe6 Rxf8 38. Rxf8+ Kg7 39. Rb8 b5 40. Bd5 Ng6 41. Rb6 Nf4 42. c4 bxc4 43.
bxc4 Nxe6 44. Rxd6 Nf4 45. Rxa6 Re2 46. Ra7+ Kf6 47.
Rf7+ Ke5 48. Rf5+ Kd4 49. Rxf4+ Kd3 50. Rf2 Re1+ 51. Kg2 1-0